 Dungeon Crawl Stone Soup version 0.30.1-3-gfc49f6343a (webtiles) character file.

Game seed: 12581240216603913817

107 Peloso the Trooper (level 4, 41/41 HPs)
             Began as a Minotaur Fighter on July 28, 2023.
             Got out of the dungeon alive.
             The game lasted 00:02:42 (1187 turns).

Peloso the Trooper (Minotaur Fighter)               Turns: 1187, Time: 00:02:42

Health: 41/41      AC:  7    Str: 17 (20) XL:     4   Next: 56%
Magic:  3/3        EV:  9    Int:  4 (5)  God:
Gold:   124        SH:  4    Dex: 11 (12) Spells: 3/3 levels left

rFire   . . .        a - +0 long sword
rCold   . . .        c - +0 buckler
rNeg    . . .        b - +0 scale mail
rPois   .            (helmet restricted)
rElec   .            (no cloak)
rCorr   .            (no gloves)
SInv    .            (no boots)
Will    .....        (no amulet) Stlth
                     (no ring)
HPRegen 0.26/turn    (no ring)
MPRegen 0.08/turn

%: no passive effects
@: no status effects
A: horns 2, retaliatory headbutt
a: no special abilities


You escaped.
You visited 1 branch of the dungeon, and saw 2 of its levels.

You collected 124 gold pieces.

Inventory:

Hand Weapons
 a - a +0 long sword (weapon)
Armour
 b - a +0 scale mail (worn)
 c - a +0 buckler (worn)
Jewellery
 m - a ring of magical power
Wands
 e - a wand of roots (2)
Scrolls
 f - a scroll of silence
 g - a scroll of teleportation
 h - a scroll of fear {unknown}
 j - a scroll of amnesia {unknown}
Potions
 d - a potion of might


   Skills:
 + Level 4.4 Fighting
 + Level 3.9 Long Blades
 + Level 4.3 Armour
 + Level 0.9 Dodging
 + Level 4.2 Shields


You had 3 spell levels left.
You didn't know any spells.
Your spell library contained the following spells:

 Spells                   Type           Power      Damage    Failure   Level
 Slow                     Hex            0%         N/A       93%         1
 Sublimation of Blood     Necr           0%         N/A       98%         2
 Confusing Touch          Hex            0%         N/A       100%        3
 Vampiric Draining        Necr           0%         2d6       100%        3
 Petrify                  Tmut/Erth      0%         N/A       100%        4
 Irradiate                Conj/Tmut      0%         3d11      100%        5


Dungeon Overview and Level Annotations

Branches:
Dungeon (2/15)

Altars:


Innate Abilities, Weirdness & Mutations

You have a pair of horns on your head.
You reflexively headbutt those who attack you in melee.


Message History

You kill the rat!
l - an orange potion A rat comes into view.
A rat is nearby!
A rat is nearby!
You hit the rat.
You kill the rat!
You see here a rat corpse.
You see here a rat corpse.
m - a ring of magical power A goblin comes into view.
It is wielding a +0 club.
A goblin is nearby!
A goblin is nearby!
The goblin misses you.
You slash the goblin!
You kill the goblin!
Things that are here:
a +0 club; a goblin corpse It was a potion of heal wounds.
You feel much better.
It was a potion of curing.
You feel better.
It was a potion of degeneration.
There was something very wrong with that liquid.
You feel weakened.
You feel dopey.
You feel clumsy.
(D) Dungeon
Where to? (Enter - D:12, ? - help)
What level of the Dungeon? (default 1, ? - help)
Things that are here:
a +0 club; a goblin corpse You see here a rat corpse.
You see here a +0 cloak.
There is a stone staircase leading up here.
You climb upwards.
There is a stone staircase leading down here.
You see here a +0 dagger.
You see here a +0 club.
You see here a +0 dagger.
There is an open door here.
There is a staircase leading out of the dungeon here.
Are you sure you want to leave the Dungeon?
This will make you lose the game!
You have escaped!

###########.#########...#.......#
#..................####.........#
..~~~~~........~~~...##.........#
~~~~~~~~~.....~~≈~~~............#
~~~≈≈≈≈≈~~....~≈≈≈≈~~~..........#
≈≈≈≈≈≈≈≈~~....#####≈≈~~.........#
≈≈≈≈≈≈~~~....##...##≈≈~~...######
≈≈≈≈≈≈≈≈~....#.....#≈≈≈~~..#
≈≈≈≈≈~~~~....'..@>.#≈≈~~~..#
~~≈~~~~~.....#.....#≈~~~...#####
≈~~~~~~......##...##≈≈~~.......#
#~~~........~~#####≈≈≈≈~.......#
#.........~~~~~≈≈≈≈≈≈≈~~.......#
'...†....~~~≈≈≈≈≈≈≈≈≈≈~........#
#.~~~....~~≈≈≈≈≈≈≈≈≈≈≈~)..######
#~~~~~...~~≈≈≈≈≈≈≈≈≈≈~~..###
~~≈≈~~....~~≈≈≈≈≈≈≈≈≈~~....#


There were no monsters in sight!

Vanquished Creatures
  Jessica (D:2)
  An adder (D:2)
  4 worms (D:2)
  A dart slug (D:1)
  4 endoplasms
  A giant cockroach (D:1)
  8 goblins
  6 hobgoblins
  4 jackals (D:1)
  A quokka (D:2)
  5 ball pythons
  5 bats
  3 frilled lizards (D:2)
  5 kobolds
  5 rats
54 creatures vanquished.

Notes
Turn   | Place    | Note
-------+----------+-------------------------------------------
     0 | D:1      | Peloso the Minotaur Fighter began the quest for the Orb.
     0 | D:1      | Reached XP level 1. HP: 19/19 MP: 0/0
    34 | D:1      | Reached XP level 2. HP: 24/27 MP: 1/1
   359 | D:1      | Reached XP level 3. HP: 33/33 MP: 2/2
   865 | D:2      | Reached XP level 4. HP: 41/41 MP: 3/3
   951 | D:2      | Noticed Jessica
   953 | D:2      | Killed Jessica
  1018 | D:2      | Found a faded altar of an unknown god.
  1187 | D:$      | Got out of the dungeon alive.

Illustrated notes

Levels and vault maps discovered:
D:1:      minmay_arrival_shoal_huts, layout_basic
D:2:      layout_loops_ring, dreamdust_ecumenical_altar_statues,
          kennysheep_generic_room_12, uniq_jessica

Skill      XL: |  1  2  3 |
---------------+----------+-----
Shields        | 4 |  4.2
Fighting       | 4 |  4.4
Armour         | 4 |  4.3
Long Blades    | 3 |  3.9
Dodging        | |  0.9

Action                     |  1- 3 |  4- 6 || total
---------------------------+-------+-------++-------
  Melee: Long sword        |    75 |    22 ||    97
         Headbutt          |    10 |     2 ||    12
    Use: Scroll            |     2 |       ||     2
         Potion            |       |     3 ||     3
 Armour: Scale mail        |    50 |     7 ||    57
  Dodge: Dodged            |    53 |     9 ||    62
  Block: Buckler           |    17 |     5 ||    22
